 Dungeon Crawl Stone Soup version 0.26-a0-683-g5206c1d7ac (webtiles) character file.

Game seed: 9272848197230381423

90 snetch the Chopper (level 4, -1/41 HPs)
             Began as a Minotaur Berserker on Oct 22, 2020.
             Was a Believer of Trog.
             Killed from afar by a dart slug (7 damage)
             ... with a slug dart
             ... on level 2 of the Dungeon.
             The game lasted 00:02:19 (1159 turns).

snetch the Chopper (Minotaur Berserker)             Turns: 1159, Time: 00:02:19

Health: -1/41      AC:  3    Str: 22    XL:     4   Next: 32%
Magic:  3/3        EV: 12    Int:  4    God:    Trog [**....]
Gold:   64         SH:  0    Dex: 10    Spells: 3/3 levels left

rFire    . . .     SeeInvis .   b - +0 halberd
rCold    . . .     Faith    .   (shield currently unavailable)
rNeg     . . .     Spirit   .   j - +0 leather armour
rPois    .         Reflect  .   (helmet restricted)
rElec    .         Harm     .   (no cloak)
rCorr    .         Rampage  .   (no gloves)
MR       .....                  (no boots)
Stlth    +.........             (no amulet)
HPRegen  0.13/turn              (no ring)
MPRegen  0.08/turn              (no ring)

@: berserk cooldown, slowed, very slow
A: retaliatory headbutt, horns 2
a: Berserk, Trog's Hand, Renounce Religion


You were on level 2 of the Dungeon.
You worshipped Trog.
Trog was pleased with you.
You visited 1 branch of the dungeon, and saw 2 of its levels.

You collected 64 gold pieces.

Inventory:

Hand Weapons
 a - a +0 hand axe
 b - a +0 halberd (weapon)
Missiles
 c - 69 stones
 h - 14 poisoned darts (quivered)
Armour
 j - a +0 leather armour (worn)
Scrolls
 d - 3 scrolls of remove curse {unknown}
 e - a scroll of random uselessness {unknown}
 f - 2 scrolls of teleportation {unknown}
 g - a scroll of noise {unknown}
 k - a scroll of fear {unknown}
 l - a scroll of identify {unknown}
Potions
 i - a potion of curing {unknown}


   Skills:
 + Level 4.5 Fighting
 + Level 4.8 Axes
 + Level 2.7 Armour
 + Level 3.1 Dodging


You had 3 spell levels left.
You didn't know any spells.
Your spell library was empty.

Dungeon Overview and Level Annotations

Branches:
Dungeon (2/15)

Altars:


Innate Abilities, Weirdness & Mutations

You reflexively headbutt those who attack you in melee.
You have a pair of horns on your head.


Message History

A goblin opens the door.
Things that are here:
a +0 spear; a kobold corpse
Things that are here:
a +0 spear; a ball python corpse; a gnoll corpse
l - a +0 halberd (weapon)
Attack whom?
Press: ? - help, Dir - move target cursor, f - goblin
Aim: a goblin You reach to attack!
You barely miss the goblin. The goblin closely misses you.
You puncture the goblin!
You kill the goblin!
Trog accepts your kill.
Adjust to which letter? (? for menu, Esc to quit)
b - a +0 halberd (weapon);
l - a scroll labeled QUASKIA GAUHOZ Setting a skill training target for Polearms at 16.0.
A dart slug comes into view.
The dart slug launches a dart at you. The slug dart hits you!
You die...

##### #........
..... #.......
.....##...... .
...........# ..
...........+ ...
...........# ....
.......)†..# .....
####...†...#......
###...)@..####
#...)...'.w..
#.......#####
#####.......
#.#####. #.# #.#
#.# ..


You could see a dart slug.

Vanquished Creatures
  An adder (D:2)
  4 gnolls (D:2)
  An ooze (D:1)
  A worm (D:2)
  A leopard gecko (D:1)
  2 ball pythons
  2 giant cockroaches
  4 goblins
  2 hobgoblins (D:1)
  4 jackals (D:1)
  5 bats (D:1)
  2 frilled lizards
  6 kobolds
  2 rats
37 creatures vanquished.

Notes
Turn   | Place    | Note
-------+----------+-------------------------------------------
     0 | D:1      | snetch the Minotaur Berserker began the quest for the Orb.
     0 | D:1      | Reached XP level 1. HP: 19/19 MP: 0/0
    42 | D:1      | Reached XP level 2. HP: 27/27 MP: 1/1
   641 | D:1      | Reached XP level 3. HP: 33/33 MP: 2/2
   705 | D:1      | Reached ** piety under Trog
  1136 | D:2      | Reached XP level 4. HP: 11/41 MP: 3/3
  1159 | D:2      | Killed from afar by a dart slug

Illustrated notes

Levels and vault maps discovered:
D:1:      lemuel_arrival_cross, layout_basic, minmay_pentomino_x4
D:2:      layout_basic

Skill      XL: |  1  2  3  4 |
---------------+-------------+-----
Axes           | 4 |  4.8
Fighting       | 4 |  4.5
Dodging        | 3 |  3.1
Armour         | |  2.7

Action                   |  1- 3 |  4- 6 || total
-------------------------+-------+-------++-------
Melee: Hand axe          |    53 |     6 ||    59
       Headbutt          |    12 |     1 ||    13
       Halberd           |       |     2 ||     2
Invok: Berserk           |     1 |       ||     1
Armor: Animal skin       |     3 |       ||     3
       Leather armour    |    12 |       ||    12
Dodge: Dodged            |    44 |     4 ||    48

Table legend: (Time is in decaauts)
 A = Elapsed time spent in this place.
 B = Non-inter-level travel time spent in this place.
 C = Inter-level travel time spent in this place.
 D = Time resting spent in this place.
 E = Time spent auto-exploring this place.
 F = Levels seen in this place.
 G = Mean time per level.
                   A        B        C        D        E       F      G
               +--------+--------+--------+--------+--------+-----+--------+
         Total |   1170 |   1128 |     42 |      0 |    883 |   2 |  585.0 |
       Dungeon |   1170 |   1128 |     42 |      0 |    883 |   2 |  585.0 |
               +--------+--------+--------+--------+--------+-----+--------+

Top non-repeatable levels by time:
     D:1: 1128 daAuts
     D:2: 42 daAuts
